 Dungeon Crawl Stone Soup version 0.23-a0-550-g7de1f8e (webtiles) character file.

9373 Geeful the Thaumaturge (level 11, -1/62 HPs)
             Began as an Octopode Earth Elementalist on Dec 8, 2018.
             Was an Elder of Nemelex Xobeh.
             Slain by a gnoll sergeant
             ... wielding a +4 spear of piercing
              (8 damage)
             ... on level 9 of the Dungeon.
             The game lasted 00:54:40 (13379 turns).

Geeful the Thaumaturge (OpEE)                      Turns: 13379, Time: 00:54:41

Health: -1/62      AC:  2    Str:  8    XL:     11   Next: 45%
Magic:  25/25      EV: 18    Int: 23    God:    Nemelex Xobeh [****..]
Gold:   493        SH:  0    Dex: 13    Spells: 10/30 levels left

rFire    . . .     SeeInvis .   o - +4 war axe (freeze)
rCold    . . .     Gourm    .   (no shield)
rNeg     . . .     Faith    .   F - +1 hat {Int+3}
rPois    .         Spirit   .   t - amulet of magic regeneration
rElec    .         Reflect  .   u - ring of stealth
rCorr    .         Harm     .   D - ring of protection from magic
MR       +....                  (no ring)
Stlth    ++++......             (no ring)
HPRegen  0.20/turn              (no ring)
MPRegen  0.44/turn              (no ring)
                                (no ring)
                                (no ring)

@: about to teleport
A: almost no armour, stealthy swim, amphibious, 8 rings, constrict 8, camouflage
1, gelatinous body 1
a: Triple Draw, Deal Four, Renounce Religion


You were on level 9 of the Dungeon.
You worshipped Nemelex Xobeh.
Nemelex Xobeh was greatly pleased with you.
You were not hungry.

You visited 1 branch of the dungeon, and saw 10 of its levels.
You also visited: Sewer.

You collected 493 gold pieces.

Inventory:

Hand Weapons
 o - a +4 war axe of freezing (weapon)
 A - the +8 mace of Egis {crush, rElec rC++ Str+4 Int-2}
   (You found it on level 6 of the Dungeon)

   It inflicts extra damage upon your enemies.
   It affects your strength (+4).
   It affects your intelligence (-2).
   It greatly protects you from cold.
   It insulates you from electricity.
 B - a +0 blowgun
Missiles
 b - 205 stones (quivered)
 n - 58 poisoned needles
Armour
 F - a +1 hat of intelligence (worn)
 H - a +0 buckler
Jewellery
 r - an uncursed amulet of guardian spirit {unknown}
 t - an amulet of magic regeneration (around mantle)
 u - a ring of stealth (left tentacle)
 D - a ring of protection from magic (right tentacle)
Wands
 x - a wand of flame (6)
 C - a wand of disintegration (1)
Scrolls
 c - a scroll of blinking
 f - 3 scrolls of amnesia
 k - 8 scrolls of teleportation
 y - 2 scrolls of magic mapping
 E - 2 scrolls of remove curse
 I - a scroll of enchant weapon
Potions
 d - a potion of might
 e - 4 potions of flight
 g - a potion of haste
 h - 3 potions of mutation
 j - a potion of resistance {unknown}
 l - 3 potions of magic
 w - 2 potions of brilliance
 z - a potion of lignification {unknown}
 G - 2 potions of curing {unknown}
 L - a potion of degeneration {unknown}
Miscellaneous
 v - an ornate deck of escape {drawn: 1}
Comestibles
 s - 19 rations


   Skills:
 + Level 0.8 Fighting
 - Level 8.1 Dodging
 - Level 3.3 Stealth
 * Level 1.6 Shields
 - Level 10.3 Spellcasting
 - Level 1.0 Transmutations
 - Level 8.4 Earth Magic
 + Level 8.4 Invocations


You had 10 spell levels left.
You knew the following spells:

 Your Spells              Type           Power        Failure   Level  Hunger
a - Sandblast             Erth           ######       1%          1    None
b - Passwall              Tmut/Erth      ####....     1%          2    None
c - Petrify               Tmut/Erth      ####....     8%          4    #......
d - Lee's Rapid Deconstr  Erth           ######....   4%          5    ####...
e - Apportation           Tloc           ##....       5%          1    None
f - Confusing Touch       Hex            ##....       5%          1    None
g - Regeneration          Chrm/Necr      ##........   16%         3    None
h - Stone Arrow           Conj/Erth      ####..       3%          3    None

Your spell library contained the following spells:

 Spells                   Type           Power        Failure   Level  Hunger
 Animate Skeleton         Necr           N/A          5%          1    None
 Pain                     Necr           ##..         5%          1    None
 Summon Small Mammal      Summ           ##..         5%          1    None
 Vampiric Draining        Necr           ##........   16%         3    None
 Animate Dead             Necr           N/A          47%         4    #......


Dungeon Overview and Level Annotations

Branches:
Dungeon (10/15)            Temple (0/1) D:5            Lair (0/6) D:8
    Orc (0/2) D:9

Altars:
Elyvilon
Fedhas
Hepliaklqana
Kikubaaqudgha
Makhleb
Nemelex Xobeh
Okawaru
Qazlal
Trog
Wu Jian
Yredelemnul
Zin
The Shining One

Shops:
D:5 :


Innate Abilities, Weirdness & Mutations

You cannot wear most types of armour.
You are very stealthy in the water. (Stealth+)
You are amphibious.
You can wear up to eight rings at the same time.
You can use your tentacles to constrict eight enemies at once.
Your skin changes colour to match your surroundings (Stealth+).
Your rubbery body absorbs attacks. (AC +1, EV +1)


Message History

* * * LOW HITPOINT WARNING * * *
x2 The gnoll sergeant hits you with a +1 spear of flaming.
* * * LOW HITPOINT WARNING * * *
The gnoll sergeant burns you.
* * * LOW HITPOINT WARNING * * *
You feel much better.
You constrict the gnoll sergeant.
The gnoll sergeant hits you from afar with a +4 spear of piercing!
The gnoll sergeant misses you.
As you read the scroll of teleportation, it crumbles to dust.
You feel strangely unstable.
You constrict the gnoll sergeant. The gnoll sergeant misses you.
The orc barely misses you.
The gnoll sergeant hits you with a +1 spear of flaming!
* * * LOW HITPOINT WARNING * * *
The gnoll sergeant burns you.
* * * LOW HITPOINT WARNING * * *
You release your grip on the gnoll sergeant.
The gnoll sergeant completely misses you.
The gnoll sergeant hits you from afar with a +4 spear of piercing!
You die...
Your body glows with a rainbow of weird colours and disappears.

### #....# ### ####...#
######## ##.# .g8#....
#......#####..# oTg#....
#.#......##.### oKo#....
#..._....##...# Oog#....
##............## ..8#....
##.........%...####)###....
#.._..⌠.._@ogg..)g).%...##.
#...........g...#######.#..
#.#................###.....
#.#..._....%..##...........
#.................###...#..
####.....#.........######..
########.........#####..
#.#.)...#...#.#..
###.).........#..


You could see 2 gnoll sergeants, 2 gnolls and an orc.

Vanquished Creatures
  A blink frog (D:8)
  A hippogriff (D:9)
  A wyvern (D:9)
  A basilisk (D:8)
  2 hungry ghosts
  A porcupine (D:8)
  A sky beast (D:8)
  Purgy (Sewer)
  2 orc warriors (D:9)
  An eye of draining (D:9)
  A necrophage (D:9)
  A phantom (D:7)
  4 ogres
  6 centaurs
  A big kobold (D:7)
  3 bullfrogs
  A gnoll sergeant (D:9)
  A wyvern skeleton (D:6)
  Dowan (D:7)
  A scorpion (D:6)
  A killer bee (D:8)
  3 wights
  A howler monkey (D:4)
  A crimson imp (D:5)
  2 bullfrog zombies
  3 jellies
  5 hounds
  2 orc priests
  2 bullfrog skeletons
  Natasha (thrice) (D:4)
  3 iguanas
  7 orc wizards
  2 worker ants (D:4)
  2 hound zombies
  4 gnolls
  6 adders
  A shadow imp (D:5)
  An ooze (D:6)
  2 worms (D:3)
  3 dart slugs
  6 leopard geckos
  25 orcs
  7 giant cockroaches
  3 goblins
  3 hobgoblins
  2 jackals (D:5)
  12 kobolds
  A quokka (D:5)
  6 ball pythons
  5 bats
  11 frilled lizards
  A giant cockroach zombie (D:6)
  6 rats
  A plant (D:8)
175 creatures vanquished.

Vanquished Creatures (collateral kills)
  Gastronok (D:8)
  Erolcha (D:9)
  A two-headed ogre (D:9)
  Psyche (D:9)
  2 trolls (D:9)
  Prince Ribbit (D:8)
  A hippogriff (D:9)
  3 hogs (D:8)
  4 yaks (D:8)
  A human (D:8)
  Duvessa (D:7)
  3 ice beasts
  An ogre (D:9)
  A centaur (D:7)
  2 big kobolds
  A crocodile (D:8)
  A bullfrog (D:6)
  A gnoll sergeant (D:9)
  4 killer bees (D:8)
  An electric eel (D:7)
  6 wights
  A crimson imp (D:7)
  A hound (D:7)
  A jelly (D:7)
  2 worker ants
  5 gnolls
  An adder (D:7)
  A shadow imp (D:7)
  2 orcs (D:9)
52 creatures vanquished.

Vanquished Creatures (others)
  A hornet (D:6)
  2 yaks (D:8)
  2 basilisks (D:8)
  2 porcupines (D:8)
  A centaur (D:7)
  A scorpion (D:8)
  A wight (D:7)
  An iguana (D:8)
  A ball lightning (D:8)
  4 orcs (D:6)
  A kobold (D:7)
  A fungus (D:8)
  3 plants (D:8)
21 creatures vanquished.

Grand Total: 248 creatures vanquished

Notes
Turn   | Place    | Note
-------+----------+-------------------------------------------
     0 | D:1      | Geeful the Octopode Earth Elementalist began the quest for
                  | the Orb.
     0 | D:1      | Reached XP level 1. HP: 11/11 MP: 3/3
    66 | D:1      | Reached XP level 2. HP: 17/17 MP: 5/5
  1010 | D:1      | Reached XP level 3. HP: 21/21 MP: 6/6
  1014 | D:1      | Learned a level 2 spell: Passwall
  1437 | D:2      | Found a hazy altar of Hepliaklqana.
  1767 | D:2      | Found a white marble altar of Elyvilon.
  2121 | D:3      | Found a sparkling altar of Nemelex Xobeh.
  2138 | D:3      | Became a worshipper of Nemelex Xobeh the Trickster
  2147 | D:3      | Reached XP level 4. HP: 27/27 MP: 5/8
  2160 | D:3      | Reached skill level 3 in Spellcasting
  2160 | D:3      | Reached skill level 1 in Invocations
  2165 | D:3      | Received a gift from Nemelex Xobeh
  2299 | D:3      | Reached XP level 5. HP: 21/31 MP: 7/9
  2524 | D:3      | Found a basalt altar of Yredelemnul.
  2843 | D:4      | Found a glowing drain.
  2853 | Sewer    | Entered a sewer
  2920 | Sewer    | Noticed Purgy
  2962 | Sewer    | Killed Purgy
  2962 | Sewer    | Reached XP level 6. HP: 36/36 MP: 6/11
  3093 | Sewer    | Reached * piety under Nemelex Xobeh
  3331 | D:4      | Received a gift from Nemelex Xobeh
  3371 | D:4      | Reached skill level 4 in Spellcasting
  3516 | D:4      | Found the +2 cloak of the Thief {+Fog Slay-2 SInv Stlth+}
  3634 | D:4      | Found a glowing golden altar of the Shining One.
  3879 | D:4      | Found a burning altar of Makhleb.
  3880 | D:4      | Noticed an Executioner
  4157 | D:4      | Noticed Natasha
  4168 | D:4      | Killed Natasha
  4168 | D:4      | Reached XP level 7. HP: 12/41 MP: 10/13
  4177 | D:4      | Noticed Natasha
  4433 | D:4      | Killed Natasha
  4826 | D:4      | Noticed Natasha
  4832 | D:4      | Killed Natasha
  4849 | D:5      | Entered Level 5 of the Dungeon
  4994 | D:5      | Found Omusseuw's Book Boutique.
  5041 | D:5      | Found a staircase to the Ecumenical Temple.
  5166 | D:5      | Reached skill level 5 in Spellcasting
  5409 | D:5      | Reached ** piety under Nemelex Xobeh
  5709 | D:5      | Reached XP level 8. HP: 46/46 MP: 15/15
  5847 | D:5      | Reached skill level 5 in Earth Magic
  6054 | D:5      | Received a gift from Nemelex Xobeh
  6060 | D:5      | Found an iron altar of Okawaru.
  6183 | D:5      | Found an ornate altar of the Wu Jian Council.
  6273 | D:6      | Found a glowing silver altar of Zin.
  6297 | D:6      | Noticed a hornet
  6299 | D:6      | Killed a hornet
  6314 | D:6      | Reached skill level 6 in Spellcasting
  6325 | D:6      | Reached skill level 5 in Dodging
  7157 | D:6      | Reached skill level 5 in Invocations
  7157 | D:6      | Reached XP level 9. HP: 32/51 MP: 14/19
  7525 | D:6      | Reached skill level 7 in Spellcasting
  7806 | D:6      | Got a crude mace
  8217 | D:7      | Noticed Dowan
  8219 | D:7      | Noticed Duvessa
  8297 | D:7      | Received a gift from Nemelex Xobeh
  8297 | D:7      | Reached *** piety under Nemelex Xobeh
  8798 | D:6      | Learned a level 4 spell: Petrify
  8804 | D:6      | Learned a level 5 spell: Lee's Rapid Deconstruction
  8806 | D:6      | Learned a level 1 spell: Apportation
  8808 | D:6      | Learned a level 1 spell: Confusing Touch
  9291 | D:7      | HP: 2/51 [centaur/arrow (12)]
  9622 | D:7      | Killed Dowan
  9799 | D:7      | Killed Duvessa
  9997 | D:7      | Reached skill level 8 in Spellcasting
 10340 | D:8      | Found a staircase to the Lair.
 10340 | D:8      | Noticed Gastronok
 10351 | D:8      | Reached XP level 10. HP: 56/56 MP: 22/22
 10353 | D:8      | Killed Gastronok
 10353 | D:8      | Reached skill level 9 in Spellcasting
 10717 | D:8      | Noticed an orange demon
 11025 | D:8      | Received a gift from Nemelex Xobeh
 11205 | D:8      | Noticed Joseph
 11210 | D:8      | Noticed Joseph
 11210 | D:8      | Joseph changed into Joseph the blink frog
 11215 | D:8      | Killed Joseph the blink frog
 11232 | D:8      | Identified the +8 mace of Egis {crush, rElec rC++ Str+4
                  | Int-2} (You found it on level 6 of the Dungeon)
 11275 | D:8      | Reached XP level 11. HP: 61/61 MP: 24/24
 11351 | D:8      | Noticed Prince Ribbit
 11354 | D:8      | Identified the -1 hand axe "Ofum" {antimagic, *Drain rC+
                  | Str+2}
 11357 | D:8      | Killed Prince Ribbit
 11850 | D:8      | Received a gift from Nemelex Xobeh
 12027 | D:9      | Found an ancient bone altar of Kikubaaqudgha.
 12033 | D:9      | Noticed Erolcha
 12034 | D:9      | Noticed Psyche
 12034 | D:9      | Reached skill level 10 in Spellcasting
 12038 | D:9      | Killed Erolcha
 12039 | D:9      | Killed Psyche
 12042 | D:9      | Noticed a two-headed ogre
 12046 | D:9      | Killed a two-headed ogre
 12286 | D:9      | Reached **** piety under Nemelex Xobeh
 12546 | D:9      | Found a blossoming altar of Fedhas.
 12547 | D:9      | Found a bloodstained altar of Trog.
 12549 | D:9      | Found a stormy altar of Qazlal.
 12551 | D:9      | Found a burning altar of Makhleb.
 12585 | D:9      | Found a staircase to the Orcish Mines.
 13214 | D:10     | Entered Level 10 of the Dungeon
 13250 | D:9      | Learned a level 3 spell: Regeneration
 13254 | D:9      | Learned a level 3 spell: Stone Arrow
 13312 | D:9      | Reached skill level 1 in Shields
 13340 | D:9      | Identified the -2 hand axe "Byul" {speed, MR+ Int+2}
 13379 | D:9      | Slain by a gnoll sergeant

Vault maps used:
D:1:      erik_arrival_blinker_ship, glass_columns_b, chequers_big_river,
          minmay_misc_feat_ornament, kennysheep_pointless_box
D:2:      old_standard_altar, lemuel_doored_altar
D:3:      nemelex_xobeh_ov_fountains_minmay, yredelemnul_altar_generic
D:4:      tso_altar, first_ration, portal_sewer_entry_d, grunt_decor_one_mirror,
          makhleb_altar_promises_db, uniq_natasha
D:5:      lemuel_round_altar, old_standard_altar, minmay_temple_entry_overgrown,
          serial_shops, kennysheep_little_box
D:6:      minmay_razor_zed, zin_academy, lightli_corner_chamber
D:7:      fountainhead, uniq_duvessa
D:8:      minmay_lair_entry_grove, grunt_livestock, uniq_prince_ribbit1,
          uniq_joseph, uniq_gastronok
D:9:      overflow_temple_1_default, grunt_temple_overflow_open,
          kennysheep_orc_monster_closet_entryway, uniq_psyche, uniq_erolcha
D:10:     minmay_the_grid_3x3
Sewer:    sewer_co_purgy_island

Skill      XL: |  1  2  3  4  5  6  7  8  9 10 11 |
---------------+----------------------------------+-----
Stealth        | 3 |  3.3
Spellcasting   | 3 4 5 6 8 9 10 | 10.3
Invocations    | 1 2 3 5 6 7 8 |  8.4
Dodging        | 3 4 5 6 7 8 |  8.1
Earth Magic    | 4 5 6 7 8 |  8.4
Shields        | 1 |  1.6
Fighting       | |  0.8
Transmutations | |  1.0

Action                   |  1- 3 |  4- 6 |  7- 9 | 10-12 || total
-------------------------+-------+-------+-------+-------++-------
Melee: Short sword       |    73 |       |       |       ||    73
       Constrict         |    22 |    16 |    39 |    28 ||   105
       Tentacles         |    12 |     8 |    39 |    18 ||    77
       Unarmed           |     2 |       |       |       ||     2
       Dagger            |       |    72 |   195 |    76 ||   343
       War axe           |       |       |       |    53 ||    53
 Cast: Sandblast         |     4 |    22 |    36 |     5 ||    67
       Apportation       |       |       |     1 |     1 ||     2
       Passwall          |       |       |       |     1 ||     1
       Regeneration      |       |       |       |     1 ||     1
Evoke: Deck              |       |       |    31 |    28 ||    59
       Wand              |       |       |     5 |     3 ||     8
  Use: Scroll            |     8 |     2 |     3 |     5 ||    18
       Potion            |       |     1 |     3 |     4 ||     8
 Stab: Sleeping          |     8 |     9 |     8 |    11 ||    36
       Distracted        |       |       |     1 |       ||     1
  Eat: Chunk             |     1 |     5 |    10 |    12 ||    28
       Ration            |     1 |     2 |     2 |       ||     5
Armor: Skin              |    14 |     2 |    10 |     5 ||    31
Dodge: Dodged            |    47 |    37 |   189 |   114 ||   387

Table legend:
 A = Non-vault XP
 B = Vault XP
 C = Vault XP percentage of total XP
 D = Non-vault monster count
 E = Vault monster count
 F = Vault count percentage of total count
                 A         B        C        D         E       F
            +---------+---------+-------+---------+---------+-------
      Total |    6526 |    6864 |  51.3 |     187 |      55 |  22.7
            +---------+---------+-------+---------+---------+-------
        D:1 |      35 |       0 |   0.0 |      17 |       0 |   0.0
        D:2 |      32 |       0 |   0.0 |      13 |       0 |   0.0
        D:3 |     121 |       0 |   0.0 |      19 |       0 |   0.0
        D:4 |     369 |      52 |  12.4 |      13 |       2 |  13.3
        D:5 |     661 |       0 |   0.0 |      20 |       0 |   0.0
        D:6 |     965 |     478 |  33.1 |      14 |      11 |  44.0
        D:7 |    1277 |     136 |   9.6 |      33 |       2 |   5.7
        D:8 |    1076 |    4755 |  81.5 |      29 |      20 |  40.8
        D:9 |    1990 |    1304 |  39.6 |      29 |      11 |  27.5
      Sewer |       0 |     139 | 100.0 |       0 |       9 | 100.0
            +---------+---------+-------+---------+---------+-------
